General information
- name: BNet
- type: Ladder team game (AT/RT)
- host: Battle.net
- saver: RandomInteger
map: PhantomGrove
- players: 4
- length: 13:14
- speed: Fast
- version: 1.24 W3XP
- replay type: Public
» download(67 KB)
Players
team 1 (winner)

»
buckets- (
blue | 65 APM | 861 actions | 13:14)
4 Firelord
2 Summon Lava Spawn
2 Incinerate
3 Archmage
2 Summon Water Elemental
1 Brilliance Aura
» actions
| Basic commands | 17 | |
| Build / train | 57 | |
| Enter build submenu | 20 | |
| Enter hero's abilities submenu | 7 | |
| Right click | 462 | |
| Select / deselect | 243 | |
| Use ability | 55 | |
861 total
» units
| Peasant | 15 | |
| Footman | 11 | |
| Kobold Geomancer | 1 | |
| Sorceress | 3 | |
| Priest | 4 | |
| Mortar Team | 5 | |
39 total
» upgrades
| Defend | 1 | |
| Animal War Training | 2 | |
3 total
» buildings
| Barracks | 1 | |
| Farm | 7 | |
| Altar of Kings | 1 | |
| Scout Tower | 1 | |
| Arcane Tower | 1 | |
| Arcane Vault | 1 | |
| Keep | 1 | |
| Lumber Mill | 1 | |
| Blacksmith | 2 | |
| Arcane Sanctum | 1 | |
| Town Hall | 1 | |
| Workshop | 1 | |
| Castle | 1 | |
20 total
» build order
00:20 Barracks
00:25 Farm
00:45 Altar of Kings
01:07 Farm
01:49 Scout Tower
02:12 Farm
02:19 Arcane Tower
03:08 Arcane Vault
03:21 Farm
03:48 Keep
04:33 Lumber Mill
04:56 Farm
05:17 Blacksmith
06:23 Blacksmith
06:35 Arcane Sanctum
07:21 Town Hall
09:40 Workshop
10:13 Castle
13:11 Farm
13:13 Farm
» items
| Scroll of Regeneration | 2 | |
| Lesser Clarity Potion | 1 | |
3 total

»
RandomInteger (
green | 96 APM | 1265 actions | 13:14)
4 Goblin Tinker
2 Pocket Factory
2 Engineering Upgrade
3 Beastmaster
2 Summon Quilbeast
1 Summon Bear
» actions
| Assign group hotkey | 174 | |
| Basic commands | 145 | |
| Build / train | 31 | |
| Enter build submenu | 12 | |
| Enter hero's abilities submenu | 7 | |
| Give item / drop item | 1 | |
| Right click | 276 | |
| Select / deselect | 196 | |
| Select group hotkey | 350 | |
| Use ability | 73 | |
1265 total
» units
| Acolyte | 3 | |
| Ghoul | 4 | |
| Crypt Fiend | 8 | |
| Assassin | 1 | |
16 total
» upgrades
» buildings
| Crypt | 1 | |
| Altar of Darkness | 1 | |
| Ziggurat | 4 | |
| Graveyard | 1 | |
| Tomb of Relics | 1 | |
| Nerubian Tower | 1 | |
| Halls of the Dead | 1 | |
| Necropolis | 1 | |
11 total
» build order
00:33 Crypt
00:44 Altar of Darkness
01:08 Ziggurat
01:10 Graveyard
01:24 Tomb of Relics
02:07 Ziggurat
02:13 Nerubian Tower
04:08 Halls of the Dead
04:48 Ziggurat
04:51 Ziggurat
11:56 Necropolis
» items
team 2 (loser)
Ghost[SRG] (
pink | 65 APM | 860 actions | 13:13)
3 Death Knight
2 Death Coil
1 Unholy Aura
2 Dreadlord
1 Vampiric Aura
1 Sleep
» actions
| Assign group hotkey | 33 | |
| Basic commands | 89 | |
| Build / train | 48 | |
| Enter build submenu | 13 | |
| Enter hero's abilities submenu | 5 | |
| Right click | 310 | |
| Select / deselect | 170 | |
| Select group hotkey | 164 | |
| Use ability | 28 | |
860 total
» units
| Acolyte | 2 | |
| Ghoul | 2 | |
| Crypt Fiend | 20 | |
| Obsidian Statue | 5 | |
29 total
» upgrades
| Creature Attack | 1 | |
| Burrow | 1 | |
| Web | 1 | |
| Destroyer Form | 1 | |
4 total
» buildings
| Crypt | 1 | |
| Graveyard | 1 | |
| Ziggurat | 5 | |
| Altar of Darkness | 1 | |
| Tomb of Relics | 1 | |
| Nerubian Tower | 1 | |
| Halls of the Dead | 1 | |
| Slaughterhouse | 1 | |
| Black Citadel | 2 | |
14 total
» build order
00:11 Crypt
00:20 Graveyard
00:41 Ziggurat
00:59 Altar of Darkness
02:10 Tomb of Relics
02:38 Ziggurat
03:07 Nerubian Tower
04:21 Ziggurat
04:24 Halls of the Dead
06:33 Ziggurat
07:13 Slaughterhouse
08:16 Ziggurat
09:43 Black Citadel
09:44 Black Citadel
Humandisc (
yellow | 73 APM | 875 actions | 11:57)
4 Archmage
2 Summon Water Elemental
2 Brilliance Aura
1 Mountain King
1 Storm Bolt
» actions
| Assign group hotkey | 27 | |
| Basic commands | 120 | |
| Build / train | 56 | |
| ESC pressed | 2 | |
| Enter build submenu | 26 | |
| Enter hero's abilities submenu | 5 | |
| Right click | 206 | |
| Select / deselect | 248 | |
| Select group hotkey | 138 | |
| Use ability | 47 | |
875 total
» units
| Peasant | 15 | |
| Footman | 20 | |
| Priest | 3 | |
38 total
» upgrades
» buildings
| Altar of Kings | 1 | |
| Barracks | 1 | |
| Farm | 8 | |
| Lumber Mill | 1 | |
| Town Hall | 1 | |
| Scout Tower | 4 | |
| Guard Tower | 4 | |
| Keep | 1 | |
| Arcane Vault | 2 | |
| Castle | 1 | |
| Arcane Sanctum | 3 | |
27 total
» build order
00:08 Altar of Kings
00:28 Barracks
00:37 Farm
01:06 Farm
01:40 Farm
02:48 Lumber Mill
03:23 Farm
04:04 Town Hall
04:16 Scout Tower
04:46 Guard Tower
04:48 Scout Tower
05:49 Guard Tower
05:50 Scout Tower
05:53 Keep
05:56 Arcane Vault
06:21 Guard Tower
06:23 Scout Tower
06:44 Arcane Vault
07:01 Farm
07:06 Guard Tower
07:39 Farm
08:59 Farm
09:00 Castle
09:07 Arcane Sanctum
09:09 Arcane Sanctum
09:42 Arcane Sanctum
09:56 Farm
» items
| Scroll of Regeneration | 2 | |
| Lesser Clarity Potion | 1 | |
3 total
Chat log
(00:07 / Allies) RandomInteger: 3 times UD now
(00:07 / Allies) buckets-: ah
(00:09 / Allies) RandomInteger: 11/8
(00:13 / Allies) buckets-: hu again
(00:16 / Allies) RandomInteger: haha
(00:18 / Allies) RandomInteger: this sux
(00:23 / Allies) RandomInteger: but it's 11/8
(00:25 / Allies) RandomInteger: so
(00:28 / Allies) RandomInteger: 7/3
(00:32 / Allies) buckets-: thats tinker i think
(00:38 / Allies) RandomInteger: yeah tinker and bm
(00:39 / Allies) buckets-: either him or alch
(00:50 / Allies) RandomInteger: it's tinker bm I think
(00:59 / Allies) RandomInteger: you take alch
(01:03 / Allies) buckets-: ok
(01:16 / Allies) RandomInteger: tink is 6 I think
(01:26 / Allies) buckets-: bm is 6
(01:32 / Allies) RandomInteger: no bm is 3
(01:41 / Allies) buckets-: no thats dr i thkn
(01:44 / Allies) buckets-: or panda
(01:48 / Allies) RandomInteger: hmm
(01:50 / Allies) RandomInteger: well what's
(01:55 / Allies) RandomInteger: 4/7
(01:58 / Allies) RandomInteger: is what we have
(02:11 / Allies) RandomInteger: decide when we get there
(02:23 / Allies) RandomInteger: 7/4
(02:32 / Allies) RandomInteger: is yeah 11/8 - 4
(02:37 / Allies) RandomInteger: tinker FL
(02:43 / Allies) RandomInteger: I'll go tinker
(02:45 / Allies) buckets-: what u getting?
(02:46 / Allies) buckets-: ok
(02:52 / Allies) RandomInteger: think that works better with races
(02:59 / Allies) buckets-: yea
(03:05 / Allies) RandomInteger: I can super creep with a nec rod too
(03:23 / Allies) RandomInteger: well I guess summon heroes?
(03:26 / Allies) RandomInteger: or what
(03:34 / Allies) buckets-: yea sumons
(03:41 / Allies) buckets-: wierd summons
(03:43 / Allies) RandomInteger: okay fast tech
(03:46 / Allies) RandomInteger: get 2nd heroes
(03:49 / Allies) RandomInteger: do a summon rush
(03:55 / Allies) RandomInteger: maybe am bm?
(04:03 / Allies) buckets-: yea
(04:06 / Allies) RandomInteger: water and then that aura
(04:55 / Allies) RandomInteger: haha
(05:02 / Allies) RandomInteger: so ez
(05:16 / Allies) RandomInteger: 1 fiend got hrut a little
(05:17 / Allies) RandomInteger: that's it
(06:25 / Allies) RandomInteger: wow
(06:56 / Allies) RandomInteger: hit the Hu?
(07:00 / Allies) buckets-: ok
(07:35 / Allies) RandomInteger: good
(07:37 / Allies) RandomInteger: heal
(07:46 / Allies) RandomInteger: ew
(08:16 / Allies) RandomInteger: tp
(08:54 / All) RandomInteger: gg
(08:55 / All) RandomInteger: Wtf
(09:25 / Allies) RandomInteger: cause we needed a hall
(09:47 / Allies) RandomInteger: umm you t3ech
(11:08 / Allies) RandomInteger: I am hurt bad
(11:24 / Allies) RandomInteger: nvm
(11:37 / Allies) buckets-: i got massive lavas
(11:44 / Allies) RandomInteger: yeah we got so man ysummoins
(12:10 / All) RandomInteger: nice hall killin
(12:51 / Allies) RandomInteger: lol we have no fucking units
(12:54 / Allies) buckets-: lol